 Dungeon Crawl Stone Soup version 0.19.3-4-gbf9329e (console) character file.

347 Kloppie the Skirmisher (level 6, -1/53 HPs)
             Began as a Formicid Fighter on Jan 30, 2017.
             Slain by a gnoll
             ... wielding a +0 halberd
              (8 damage)
             ... on level 4 of the Dungeon.
             The game lasted 00:03:20 (2106 turns).

Kloppie the Skirmisher (Formicid Fighter)           Turns: 2106, Time: 00:03:21

Health: -1/53      AC: 10    Str: 23    XL:     6   Next: 91%
Magic:  6/6        EV:  6    Int:  7    God:
Gold:   147        SH:  9    Dex: 10    Spells: 0 memorised, 5 levels left

rFire  . . .     SeeInvis +     a - +0 war axe
rCold  . . .     Gourm    .     e - +0 chain mail
rNeg   . . .     Faith    .     c - +0 shield
rPois  .         Spirit   .     (helmet unavailable)
rElec  .         Reflect  .     k - +0 cloak
rCorr  .         Harm     .     (no gloves)
MR     .....                    (no boots)
Stlth  ..........               (no amulet)
                                (no ring)
                                (no ring)

@: no status effects
A: permanent stasis, dig shafts and tunnels, four strong arms, antennae 3
a: Dig, Shaft Self


You were on level 4 of the Dungeon.
You were hungry.

You visited 1 branch of the dungeon, and saw 4 of its levels.

You collected 147 gold pieces.

Inventory:

Hand Weapons
 a - a +0 war axe (weapon)
Armour
 c - a +0 shield (worn)
 e - a +0 chain mail (worn)
 k - a +0 cloak (worn)
 t - a +0 large shield
Jewellery
 r - an uncursed ring of see invisible {unknown}
Scrolls
 b - a scroll of teleportation {unknown}
 i - a scroll of random uselessness {unknown}
 j - a scroll of recharging {unknown}
 l - 4 scrolls of identify {unknown}
Potions
 d - a potion of might
 h - a potion of brilliance {unknown}
 m - 2 potions of flight {unknown}
 o - a potion of haste {unknown}
 p - 3 potions of heal wounds {unknown}
 s - a potion of cancellation {unknown}
Comestibles
 f - a bread ration
 g - 2 chunks of flesh
 n - 2 meat rations
 q - a beef jerky


   Skills:
 * Level 6.6 Fighting
 + Level 4.3 Axes
 - Level 3.2 Armour
 - Level 3.6 Shields


You had 5 spell levels left.
You didn't know any spells.

Dungeon Overview and Level Annotations

Branches:
Dungeon (4/15)
 Temple: D:4-7

Altars:


Innate Abilities, Weirdness & Mutations

You are under a permanent stasis effect.
You can dig through walls and to a lower floor.
Your four strong arms can wield two-handed weapons with a shield.
You have a pair of large antennae on your head. (SInv)


Message History

You closely miss the gnoll.
The gnoll is moderately wounded.
You slash the gnoll! You block the gnoll's attack. x2
Your shield and chain mail prevent you from hitting the gnoll.
The gnoll is moderately wounded.
You hit the gnoll. The gnoll barely misses you.
You block the gnoll's attack. x2
You hit the gnoll.
You kill the gnoll!
You barely miss the gnoll.
You are feeling hungry.
The gnoll hits you with a halberd.
* * * LOW HITPOINT WARNING * * *
You closely miss the gnoll.
The gnoll is moderately wounded.
The gnoll hits you with a halberd.
* * * LOW HITPOINT WARNING * * *
You hit the gnoll.
The gnoll is heavily wounded.
The gnoll hits you with a halberd!
You die...

#### ##...##
##.....##
#######g......##
#(....@.........
#.#####)......##
#.# ##.....##
#####.# ##...##
#######.....##
####
..................
#.###.#.###.......
#.# #.#.# ##.#####
#.# #.#.# .#


You could see a gnoll.

Vanquished Creatures
  Sigmund (D:3)
  Jessica (D:3)
  3 adders
  3 gnolls (D:4)
  3 oozes (D:3)
  A worm (D:2)
  4 dart slugs
  5 leopard geckos
  9 orcs
  A ball python (D:2)
  6 bats
  A giant cockroach (D:1)
  3 goblins
  12 hobgoblins
  3 jackals (D:1)
  A quokka (D:2)
  6 frilled lizards
  4 kobolds
  5 rats
72 creatures vanquished.

Notes
Turn   | Place    | Note
-------+----------+-------------------------------------------
     0 | D:1      | Kloppie the Formicid Fighter began the quest for the Orb.
     0 | D:1      | Reached XP level 1. HP: 18/18 MP: 1/1
    53 | D:1      | Reached XP level 2. HP: 22/25 MP: 2/2
   285 | D:1      | Reached skill level 4 in Fighting
   333 | D:1      | Reached XP level 3. HP: 26/30 MP: 3/3
  1066 | D:2      | Reached XP level 4. HP: 38/38 MP: 4/4
  1409 | D:3      | Reached skill level 5 in Fighting
  1409 | D:3      | Reached XP level 5. HP: 44/44 MP: 5/5
  1490 | D:3      | Noticed Sigmund
  1502 | D:3      | Killed Sigmund
  1502 | D:3      | Reached skill level 6 in Fighting
  1502 | D:3      | Reached XP level 6. HP: 28/52 MP: 6/6
  1817 | D:3      | Noticed Jessica
  1837 | D:3      | Killed Jessica
  2106 | D:4      | Slain by a gnoll

Skill      XL: |  1  2  3  4  5 |
---------------+----------------+-----
Fighting       | 4 5 6 |  6.6
Axes           | 3 4 |  4.3
Armour         | |  3.2
Shields        | |  3.6

Action                   |  1- 3 |  4- 6 || total
-------------------------+-------+-------++-------
Melee: War axe           |   130 |   127 ||   257
       Unarmed           |       |     5 ||     5
  Eat: Chunk             |     1 |     3 ||     4
Armor: Scale mail        |     7 |       ||     7
       Chain mail        |    71 |    70 ||   141
Dodge: Dodged            |    22 |    45 ||    67
Block: Shield            |    66 |    94 ||   160
